 Dungeon Crawl Stone Soup version 0.27.1-34-g3ba077fa99 (webtiles) character file.

Game seed: 10643620093965282571

71 styxcanada the Sneak (level 4, -3/23 HPs)
             Began as a Spriggan Brigand on Jan 20, 2022.
             Slain by a gnoll (11 damage)
             ... on level 3 of the Dungeon.
             The game lasted 00:08:12 (2161 turns).

styxcanada the Sneak (Spriggan Brigand)             Turns: 2161, Time: 00:08:12

Health: -3/23      AC:  3    Str:  7    XL:     4   Next: 5%
Magic:  5/5        EV: 17    Int: 12    God:
Gold:   87         SH:  0    Dex: 17    Spells: 3/3 levels left

rFire    + . .     SeeInvis +   a - +2 dagger
rCold    . . .     Faith    .   (shield restricted)
rNeg     . . .     Spirit   .   b - +0 robe
rPois    .         Reflect  .   (helmet restricted)
rElec    .         Harm     .   c - +0 cloak
rCorr    .         Rampage  .   (gloves unavailable)
Will     .....                  (boots unavailable)
Stlth    ++++......             (no amulet)
HPRegen  0.07/turn              k - ring of protection from fire
MPRegen  0.09/turn              (no ring)

@: very quick
A: very small, no large weapons, unfitting armour, see invisible, speed 3
a: no special abilities


You were on level 3 of the Dungeon.
You visited 1 branch of the dungeon, and saw 3 of its levels.

You collected 107 gold pieces.
You spent 20 gold pieces at shops.

Inventory:

Hand Weapons
 a - a +2 dagger (weapon)
 g - a +0 hunting sling
Missiles
 d - 2 poisoned darts (quivered)
 e - 2 curare-tipped darts
 f - 47 stones
Armour
 b - a +0 robe (worn)
 c - a +0 cloak (worn)
Jewellery
 k - a ring of protection from fire (left hand)
Scrolls
 h - 2 scrolls of identify
 j - 2 scrolls of immolation {unknown}
Potions
 i - 2 potions of haste


   Skills:
 * Level 1.9 Fighting
 + Level 2.3 Short Blades
 + Level 2.1 Throwing
 * Level 2.1 Dodging
 * Level 7.6 Stealth
 * Level 0.2 Spellcasting


You had 3 spell levels left.
You didn't know any spells.
Your spell library contained the following spells:

 Spells                   Type           Power      Damage    Failure   Level
 Call Canine Familiar     Summ           0%         N/A       69%         3
 Portal Projectile        Hex/Tloc       0%         N/A       69%         3
 Leda's Liquefaction      Hex/Erth       0%         N/A       97%         4


Dungeon Overview and Level Annotations

Branches:
Dungeon (3/15)

Altars:

Shops:
D:2 ?


Innate Abilities, Weirdness & Mutations

You are very small and have problems with some larger weapons.
You are too small for most types of armour.
You have supernaturally acute eyesight. (SInv)
You cover ground extremely quickly. (Speed+++)


Message History

Throw: 6 darts (poison)
Press: ? - help, Q - select action, (/) - cycle Shift-Dir - straight line, f/p - gnoll
Aim: a gnoll, wielding a +1 whip of venom (moderately wounded, poisoned, 64% to hit)
You throw a poisoned dart.
The poisoned dart closely misses the gnoll.
The poisoned dart hits the gnoll.
The gnoll is poisoned.
Throw: 5 darts (poison)
Press: ? - help, Q - select action, (/) - cycle Shift-Dir - straight line, f/p - gnoll
Aim: a gnoll, wielding a +1 whip of venom (moderately wounded, poisoned, 64% to hit)
You throw a poisoned dart.
The poisoned dart barely misses the gnoll.
The poisoned dart barely misses the gnoll.
Throw: 4 darts (poison)
Press: ? - help, Q - select action, (/) - cycle Shift-Dir - straight line, f/p - gnoll
Aim: a gnoll, wielding a +1 whip of venom (moderately wounded, poisoned, 64% to hit)
You throw a poisoned dart. The poisoned dart hits the gnoll.
The gnoll looks even sicker.
The gnoll is moderately wounded.
Throw: 3 darts (poison)
Press: ? - help, Q - select action, (/) - cycle Shift-Dir - straight line, f/p - gnoll
Aim: a gnoll, wielding a +1 whip of venom (severely wounded, poisoned, 64% to hit)
You throw a poisoned dart. The poisoned dart hits the gnoll.
The gnoll looks even sicker.
The gnoll is severely wounded.
You kill the gnoll!
You have reached level 4!
The gnoll hits you from afar with a +0 halberd.
Things that are here:
a +1 whip of venom; a poisoned dart The gnoll misses you.
You hit the gnoll but do no damage.
The gnoll is moderately wounded.
The gnoll hits you with a +0 halberd!
You closely miss the gnoll.
The gnoll is moderately wounded.
The gnoll barely misses you.
You hit the gnoll.
The gnoll is moderately wounded.
The gnoll hits you with a +0 halberd!
You die...

#>.....# #.....# ##.....#
###......# ......#+##
###.....# ####.##.#
......#.################
###.#.#........)@......#
#.#.#.########g.####.#
###+#.#.###### #..#....#
.)....(......# #.....#.#
.............###.##...####
.......((..g.(...##......#
..............###.....##.#
....##.>.......##.#.#.##.#
#######........##.#....#..


You could see a gnoll.

Vanquished Creatures
  An adder (D:2)
  2 gnolls (D:3)
  A ball python (D:1)
  6 bats
  4 endoplasms
  2 giant cockroaches
  5 goblins
  3 hobgoblins
  2 jackals (D:2)
  3 kobolds (D:1)
  3 quokkas (D:1)
  2 frilled lizards
  6 rats
40 creatures vanquished.

Notes
Turn   | Place    | Note
-------+----------+-------------------------------------------
     0 | D:1      | styxcanada the Spriggan Brigand began the quest for the
                  | Orb.
     0 | D:1      | Reached XP level 1. HP: 10/10 MP: 2/2
    27 | D:1      | Reached skill level 6 in Stealth
   157 | D:1      | Reached XP level 2. HP: 11/15 MP: 3/3
  1148 | D:2      | Reached skill level 7 in Stealth
  1148 | D:2      | Reached XP level 3. HP: 8/18 MP: 4/4
  1672 | D:2      | Found Lam Itt's Magic Scroll Shoppe.
  1682 | D:2      | Bought a scroll of identify for 20 gold pieces
  2154 | D:3      | Reached XP level 4. HP: 23/23 MP: 5/5
  2161 | D:3      | Slain by a gnoll

Illustrated notes

Levels and vault maps discovered:
D:1:      dpeg_arrival_arbitrary_b, layout_loops_ring
D:2:      layout_rooms, serial_shops, nicolae_shop_stone
D:3:      layout_basic, hex_intersection, uniq_grinder

Skill      XL: |  1  2 |
---------------+-------+-----
Stealth        | 6 7 |  7.6
Dodging        | 2 |  2.1
Fighting       | |  1.9
Short Blades   | |  2.3
Throwing       | |  2.1
Spellcasting   | |  0.2

Action                   |  1- 3 |  4- 6 || total
-------------------------+-------+-------++-------
Melee: Dagger            |   100 |     3 ||   103
Throw: Dart              |    21 |       ||    21
  Use: Scroll            |     1 |       ||     1
 Stab: Sleeping          |    16 |       ||    16
Armor: Robe              |    14 |       ||    14
Dodge: Dodged            |    64 |     2 ||    66
